 Dungeon Crawl Stone Soup version 0.31.0-12-g77e489cdc1 (webtiles) character file.

Game seed: 3492587353056135038

100 monsoonserge the Scratcher (level 4, 22/22 HPs)
             Began as a Felid Shapeshifter on Mar 5, 2024.
             Quit the game on level 3 of the Dungeon.
             The game lasted 00:06:54 (1848 turns).

monsoonserge the Scratcher (Felid Shapeshifter)     Turns: 1848, Time: 00:06:55

Health: 22/22      AC:  1    Str: 12    XL:     4   Next: 46%
Magic:  14/14      EV: 17    Int: 13    God:
Gold:   109        SH:  0    Dex: 16    Spells: 3/3 levels left
                                        Lives:  0   Deaths: 2

rFire   . .          .
                       - Unarmed
rCold   . . .        (shield unavailable)
rNeg    . . .        (body armour unavailable)
rPois   .            (helmet unavailable)
rElec   .            (cloak unavailable)
rCorr   .            (gloves unavailable)
SInv    +            (boots unavailable)
Will    .....        (no amulet)
Stlth   ++           m - ring of magical power
HPRegen 0.23/turn    (no ring)
MPRegen 0.14/turn

%: no passive effects
@: beast-form
A: beast (slay +1), very small, claws 1, fangs 3, see invisible, shaggy fur 1,
stealthy paws, no weapons or thrown items, no armour, multi-lived
a: Begin Untransformation


You were on level 3 of the Dungeon.
You were a hulking beast.
You visited 1 branch of the dungeon, and saw 3 of its levels.

You collected 109 gold pieces.

Inventory:

Jewellery
 m - a ring of magical power (left paw)
Talismans
 b - a beast talisman
 c - a flux talisman
Scrolls
 e - a scroll of vulnerability {unknown}
 f - 2 scrolls of identify {unknown}
 k - a scroll of immolation {unknown}
 l - a scroll of poison {unknown}
Potions
 a - a potion of lignification
 d - a potion of curing {unknown}
 g - 2 potions of cancellation {unknown}
 h - a potion of degeneration {unknown}
 i - a potion of might {unknown}
 j - a potion of magic {unknown}
 n - a potion of attraction {unknown}


   Skills:
 + Level 1.4 Fighting
 - Level 3.0 Dodging
 + Level 0.7 Stealth
 * Level 4.8 Unarmed Combat
 + Level 2.9 Shapeshifting


You had 3 spell levels left.
You didn't know any spells.
Your spell library contained the following spells:

 Spells                   Type           Power      Damage    Failure   Level
 Freeze                   Ice            0%         1d3       30%         1
 Frozen Ramparts          Ice            0%         1d1       67%         3
 Hailstorm                Conj/Ice       0%         3d5       67%         3


Dungeon Overview and Level Annotations

Branches:
Dungeon (3/15)

Altars:

Annotations:
D:2 Sigmund
D:3 Ijyb


Innate Abilities, Weirdness & Mutations

You are a hulking beast.
Your limbs bulge with bestial killing power. (Slay +1)
You have sharp claws.
You have razor-sharp teeth.
You have supernaturally acute eyesight. (SInv)
You are covered in fur. (AC +1)
Your paws help you pounce on unaware monsters.
You are incapable of wielding weapons or throwing items.
You cannot wear armour.
You gain extra lives every three experience levels.


Message History

You rejoin the land of the living...
There is a shaft here.
The orc wizard casts a spell at you.
You are confused.
The orc wizard gestures at you while chanting.
The puff of flame misses you.
You bump into the rock wall.
The orc wizard barely misses you.
You bump into the rock wall.
You feel less confused.
Ijyb shouts!
The orc wizard hits you with a +0 dagger.
You closely miss the orc wizard.
The orc wizard is heavily wounded.
The orc wizard hits you with a +0 dagger.
You scratch the orc wizard but do no damage.
Your bite misses the orc wizard.
The orc wizard is heavily wounded.
Ijyb closely misses you. The orc wizard barely misses you.
You claw the orc wizard!
You kill the orc wizard!
Ijyb zaps a wand.
The roots erupt in riotous growth!
The grasping roots grab you!
Ijyb is unaffected.
The grasping roots constrict you.
The roots grasp on you weakens, but your attempt to escape fails.
Ijyb screams, "Die!"
Ijyb hits you with a +0 club. The grasping roots constrict you.
Unknown command.
You closely miss Ijyb. Your claw misses Ijyb. Ijyb closely misses you.
The grasping roots constrict you.
* * * LOW HITPOINT WARNING * * *
You scratch Ijyb.
Ijyb is lightly wounded.
You scratch Ijyb.
Ijyb is moderately wounded.
Ijyb misses you. The grasping roots constrict you.
You die...
Your shape twists and changes as you die.
The grasping roots release their grip on you.
You rejoin the land of the living...
Are you sure you want to abandon this character and quit the game? (Confirm with "yes".)

.#######.# ##.............+
.......######......#.......#
.###....)...#......#.......#
.......#.##.#......#.......#
..##.#....#.#......#.......#
.###+#....#.#......###'#####.#
.#.....#.^#...##+### #.......#
##.....#..#...##.# ##.#######
#.....#........h# #..#
#.....##.#.#########..#######
#.....##.#.#.........†.......
#.....##.#.#.#######o.#######
#.....##.#.#.#........#
#.....##.#.#)#........#
###'#....#.#†#........#
#.#.##.#.#g#........#
####.#............###..#


There were no monsters in sight!

Vanquished Creatures
  An orc wizard (D:3)
  An adder (D:2)
  A dart slug (D:3)
  2 ribbon worms
  2 orcs (D:3)
  8 bats
  4 endoplasms
  6 giant cockroaches
  4 goblins
  4 hobgoblins
  6 jackals (D:1)
  A quokka (D:3)
  7 ball pythons
  2 frilled lizards
  2 kobolds
  A rat (D:1)
52 creatures vanquished.

Notes
Turn   | Place    | Note
-------+----------+-------------------------------------------
     0 | D:1      | monsoonserge the Felid Shapeshifter began the quest for the
                  | Orb.
     0 | D:1      | Reached XP level 1. HP: 10/10 MP: 2/2
    98 | D:1      | Reached XP level 2. HP: 13/14 MP: 3/3
   887 | D:2      | Reached XP level 3. HP: 18/18 MP: 4/4
   962 | D:2      | Noticed Sigmund
  1007 | D:2      | Reached skill level 4 in Unarmed Combat
  1536 | D:3      | Noticed Ijyb
  1743 | D:3      | Reached XP level 4. HP: 21/22 MP: 5/5
  1743 | D:3      | Gained a life (2 lives remaining)
  1816 | D:3      | HP: 1/22 [orc wizard/puff of flame (7)]
  1818 | D:3      | Slain by an orc wizard
  1818 | D:3      | Lost a life (1 life remaining)
  1847 | D:3      | Constricted to death by Ijyb
  1847 | D:3      | Lost a life (0 lives remaining)
  1848 | D:3      | Quit the game

Illustrated notes

Levels and vault maps discovered:
D:1:      minmay_arrival_shattered_statue, layout_basic
D:2:      minmay_general_purpose_star, layout_basic, uniq_sigmund, uniq_robin,
          uniq_natasha
D:3:      layout_basic, uniq_ijyb

Skill      XL: |  1  2  3 |
---------------+----------+-----
Unarmed Combat | 4 |  4.8
Dodging        | 3 |  3.0
Fighting       | |  1.4
Stealth        | |  0.7
Shapeshifting  | |  2.9

Action                     |  1- 3 |  4- 6 || total
---------------------------+-------+-------++-------
  Melee: Unarmed           |   118 |    14 ||   132
         Bite              |     5 |     1 ||     6
         Punch             |     1 |     2 ||     3
   Stab: Sleeping          |     1 |       ||     1
 Armour: Skin              |    29 |     9 ||    38
  Dodge: Dodged            |   115 |    10 ||   125
